 Dungeon Crawl Stone Soup version 0.23.0 (webtiles) character file.

Game seed: 1042598739139720982

544 Hylith the Cudgeler (level 7, -3/60 HPs)
             Began as a Minotaur Fighter on Feb 12, 2019.
             Slain by a wyvern (11 damage)
             ... on level 5 of the Dungeon.
             The game lasted 00:07:22 (3032 turns).

Hylith the Cudgeler (Minotaur Fighter)              Turns: 3032, Time: 00:07:22

Health: -3/60      AC: 11    Str: 22    XL:     7   Next: 6%
Magic:  6/6        EV:  6    Int:  5    God:
Gold:   216        SH: 10    Dex: 10    Spells: 6/6 levels left

rFire    . . .     SeeInvis .   a - +0 flail
rCold    . . .     Gourm    .   c - +0 shield
rNeg     . . .     Faith    .   n - +0 chain mail
rPois    .         Spirit   .   (helmet restricted)
rElec    .         Reflect  .   (no cloak)
rCorr    .         Harm     .   (no gloves)
MR       .....                  o - +0 pair of boots {Stlth+}
Stlth    ..........             (no amulet)
HPRegen  0.20/turn              (no ring)
MPRegen  0.10/turn              (no ring)

@: lethally poisoned (-3 -> -8)
A: retaliatory headbutt, horns 2
a: no special abilities


You were on level 5 of the Dungeon.
You were very hungry.

You visited 1 branch of the dungeon, and saw 5 of its levels.

You collected 216 gold pieces.

Inventory:

Hand Weapons
 a - a +0 flail (weapon)
Armour
 c - a +0 shield (worn)
 n - a +0 chain mail (worn)
 o - a +0 pair of boots of stealth (worn)
Jewellery
 v - an uncursed ring of resist corrosion {unknown}
Scrolls
 b - 2 scrolls of blinking {unknown}
 e - 6 scrolls of identify {unknown}
 g - 2 scrolls of remove curse {unknown}
 h - a scroll of enchant armour {unknown}
 j - 4 scrolls of teleportation {unknown}
 s - a scroll of amnesia {unknown}
Potions
 d - a potion of might
 i - 3 potions of magic {unknown}
 k - a potion of agility {unknown}
 l - a potion of flight {unknown}
 m - 2 potions of berserk rage {unknown}
 p - 2 potions of cancellation {unknown}
 q - 2 potions of haste {unknown}
 r - a potion of heal wounds {unknown}
 t - a potion of brilliance {unknown}
 u - a potion of curing {unknown}
 w - a potion of lignification {unknown}
Comestibles
 f - 6 rations


   Skills:
 + Level 4.9 Fighting
 + Level 6.2 Maces & Flails
 + Level 5.3 Armour
 + Level 5.8 Shields


You had 6 spell levels left.
You didn't know any spells.
Your spell library was empty.

Dungeon Overview and Level Annotations

Branches:
Dungeon (5/15)
 Temple: D:4-7

Altars:
Dithmenos
Fedhas
Hepliaklqana
Makhleb
Xom

Annotations:
D:5 Eustachio


Innate Abilities, Weirdness & Mutations

You reflexively headbutt those who attack you in melee.
You have a pair of horns on your head.


Message History

The wyvern bites you!
The centaur zombie hits you but does no damage.
Eustachio casts a spell.
Eustachio blinks!
The adder bites you but does no damage. The wyvern barely misses you.
You completely miss the wyvern.
The wyvern is lightly wounded.
You feel sick. You block the centaur zombie's attack. The adder bites you.
You are more poisoned.
The adder poisons you! You block the wyvern's attack.
The centaur zombie hits you.
You thump the wyvern! Your headbutt misses the wyvern.
The wyvern is moderately wounded.
You feel sick. The adder barely misses you. You furiously retaliate!
You headbutt the adder, but do no damage.
The wyvern bites you!
* * * LOW HITPOINT WARNING * * *
You block the centaur zombie's attack. The adder bites you but does no damage.
The wyvern bites you!
You die...

.# ########### #.#
#.........# #.#
#.#.#.###.# #.# #<#.#.#
#.#####.#
#.#.#.###o......#
#######.#lZZ..........##
.....(.@lS#...c).a5.....
####...SZrcS........%.##
#.##.#o####..O.....). #
#...# #...#######
.....).....#
########...## #....#
###.## #.#


You could see a wyvern, a centaur, 3 adders, an orc, 2 leopard gecko zombies, a
centaur zombie, a leopard gecko and a quokka.

Vanquished Creatures
  An ogre (D:4)
  A scorpion (D:4)
  A bullfrog zombie (D:3)
  4 hounds
  Terence (D:2)
  A worker ant (D:4)
  Robin (D:2)
  7 gnolls (D:4)
  5 adders
  2 oozes
  A worm (D:2)
  A leopard gecko (D:4)
  7 orcs
  8 bats
  2 giant cockroaches
  16 goblins
  9 hobgoblins
  5 kobolds
  4 frilled lizards
  A quokka zombie (D:4)
  11 rats
89 creatures vanquished.

Notes
Turn   | Place    | Note
-------+----------+-------------------------------------------
     0 | D:1      | Hylith the Minotaur Fighter began the quest for the Orb.
     0 | D:1      | Reached XP level 1. HP: 19/19 MP: 0/0
   114 | D:1      | Reached XP level 2. HP: 27/27 MP: 1/1
   647 | D:2      | Reached XP level 3. HP: 28/33 MP: 2/2
   652 | D:2      | Noticed Robin
   660 | D:2      | Killed Robin
   660 | D:2      | Reached skill level 3 in Maces & Flails
   888 | D:2      | Reached XP level 4. HP: 40/40 MP: 3/3
   995 | D:2      | Noticed Terence
  1010 | D:2      | Killed Terence
  1575 | D:2      | Found a burning altar of Makhleb.
  1586 | D:2      | Became a worshipper of Makhleb the Destroyer
  1741 | D:3      | Found a shadowy altar of Dithmenos.
  1891 | D:3      | Reached skill level 4 in Maces & Flails
  1891 | D:3      | Reached XP level 5. HP: 42/47 MP: 4/4
  1988 | D:3      | Found a faded altar of an unknown god.
  2039 | D:3      | Found a blossoming altar of Fedhas.
  2222 | D:4      | Noticed an ogre
  2225 | D:4      | Killed an ogre
  2225 | D:4      | Reached skill level 5 in Maces & Flails
  2225 | D:4      | Reached skill level 5 in Shields
  2242 | D:4      | Found a shimmering altar of Xom.
  2243 | D:4      | Found a hazy altar of Hepliaklqana.
  2243 | D:4      | Noticed a yak
  2244 | D:4      | Noticed a spectral ugly thing
  2244 | D:4      | Noticed a yak
  2326 | D:4      | Fell from the grace of Makhleb
  2353 | D:4      | Reached XP level 6. HP: 48/53 MP: 5/5
  2434 | D:4      | Reached skill level 5 in Armour
  2561 | D:4      | Reached skill level 6 in Maces & Flails
  2685 | D:5      | Entered Level 5 of the Dungeon
  2718 | D:5      | Noticed Eustachio
  2723 | D:5      | Noticed a wyvern
  3014 | D:4      | Reached XP level 7. HP: 58/60 MP: 6/6
  3032 | D:5      | Slain by a wyvern

Skill      XL: |  1  2  3  4  5  6 |
---------------+-------------------+-----
Shields        | 4 5 |  5.8
Fighting       | 4 |  4.9
Armour         | 4 5 |  5.3
Maces & Flails | 3 4 5 6 |  6.2

Action                   |  1- 3 |  4- 6 |  7- 9 || total
-------------------------+-------+-------+-------++-------
Melee: Flail             |    88 |   144 |    13 ||   245
       Headbutt          |    13 |    28 |     2 ||    43
Invok: Renounce Religion |       |     1 |       ||     1
  Eat: Chunk             |       |     6 |       ||     6
Armor: Scale mail        |    44 |     5 |       ||    49
       Chain mail        |       |    62 |    13 ||    75
Dodge: Dodged            |    28 |    38 |     9 ||    75
Block: Shield            |    53 |    80 |    15 ||   148
